 Dungeon Crawl Stone Soup version 0.25-a0-44-g29a1220a87 (webtiles) character file.

Game seed: 11078243018283975186, levelgen mode: deterministic

161 MalarOregon the Conjurer (level 5, -2/42 HPs)
             Began as a Draconian Conjurer on Oct 23, 2019.
             Slain by Grinder (5 damage)
             ... on level 3 of the Dungeon.
             The game lasted 00:10:55 (2890 turns).

MalarOregon the Conjurer (Draconian Conjurer)       Turns: 2890, Time: 00:10:55

Health: -2/42      AC:  5    Str: 15    XL:     5   Next: 19%
Magic:  0/9        EV: 13    Int: 16    God:
Gold:   106        SH:  0    Dex: 12    Spells: 1/9 levels left

rFire    . . .     SeeInvis .   l - +0 short sword (vamp) {!w}
rCold    . . .     Gourm    .   (no shield)
rNeg     . . .     Faith    .   (armour unavailable)
rPois    .         Spirit   .   (helmet restricted)
rElec    .         Reflect  .   (no cloak)
rCorr    .         Harm     .   (no gloves)
MR       .....                  (no boots)
Stlth    ++........             (no amulet)
HPRegen  0.14/turn              (no ring)
MPRegen  0.11/turn              (no ring)

@: mighty, very slightly contaminated
A: unfitting armour, cold-blooded, AC +5
a: no special abilities


You were on level 3 of the Dungeon.
You were not hungry.

You visited 1 branch of the dungeon, and saw 3 of its levels.

You collected 106 gold pieces.

Inventory:

Hand Weapons
 l - a +0 vampiric short sword (weapon) {!w}
   (You took it off Terence on level 3 of the Dungeon)
Scrolls
 b - a scroll of identify {unknown}
 d - a scroll of fear {unknown}
 f - 2 scrolls of magic mapping {unknown}
 i - a scroll of amnesia {unknown}
Potions
 c - a potion of flight {unknown}
 j - a potion of ambrosia {unknown}
Comestibles
 e - 3 rations {!d}
 h - 4 chunks of flesh


   Skills:
 + Level 2.3 Fighting
 + Level 1.0 Short Blades
 + Level 2.8 Dodging
 - Level 1.7 Stealth
 + Level 2.9 Spellcasting
 + Level 4.6 Conjurations


You had one spell level left.
You knew the following spells:

 Your Spells              Type           Power        Failure   Level  Hunger
a - Magic Dart            Conj           ###.         2%          1    #......
s - Dazzling Spray        Conj/Hex       #.....       22%         3    ###....
x - Iskenderun's Mystic   Conj           ###.....     26%         4    #####..

Your spell library contained the following spells:

 Spells                   Type           Power        Failure   Level  Hunger
 Searing Ray              Conj           ###...       4%          2    ##.....
 Force Lance              Conj/Tloc      #.......     56%         4    #####..
 Fulminant Prism          Conj/Hex       #.........   56%         4    #####..


Dungeon Overview and Level Annotations

Branches:
Dungeon (3/15)

Altars:

Annotations:
D:3 Grinder


Innate Abilities, Weirdness & Mutations

Your plain brown scales are hard. (AC +5)
You cannot fit into any form of body armour.
You are cold-blooded and may be slowed by cold attacks.


Message History

Grinder shouts!
Grinder blinks!
You start waiting.
Grinder is too close now for your liking.
Aim: Grinder The magic dart hits Grinder.
Grinder gestures at you. You resist with significant effort.
Aim: Grinder (lightly wounded)
The magic dart hits Grinder.
Aim: Grinder (lightly wounded)
You miscast Dazzling Spray.
You are very lightly contaminated with residual magic.
Nothing appears to happen.
Grinder hits you.
You writhe in agony.
Grinder blinks!
Grinder hits you!
You writhe in agony.
You closely miss Grinder. Grinder misses you.
Unknown command.
Aim: Grinder (lightly wounded)
The spray of energy hits Grinder.
Grinder is dazzled.
Grinder barely misses you.
You catch the helpless Grinder completely off-guard!
You hit Grinder. Grinder misses you.
You barely miss Grinder. Grinder gestures at you.
You suddenly lose the ability to move!
Grinder is no longer blind.
Grinder blinks!
You can move again.
You don't have enough magic to cast that spell.
You closely miss Grinder. Grinder barely misses you.
You barely miss Grinder. Grinder closely misses you.
You hit Grinder. Grinder hits you.
You writhe in agony.
* * * LOW HITPOINT WARNING * * *
You hit Grinder.
Your tail-slap misses Grinder.
Grinder hits you.
* * * LOW HITPOINT WARNING * * *
You writhe in agony.
* * * LOW HITPOINT WARNING * * *
You hit Grinder but do no damage. Grinder hits you but does no damage.
You closely miss Grinder. Grinder hits you.
* * * LOW HITPOINT WARNING * * *
You writhe in agony.
* * * LOW HITPOINT WARNING * * *
Aim: Grinder (heavily wounded)
The spray of energy misses Grinder.
Grinder gestures at you. You resist with significant effort.
It was a potion of might.
You feel very mighty all of a sudden. Grinder hits you.
You die...

#.# #.# #.#
#.# #.# #.#
#.#
########.#
#.@5.....#
#.########
#.# #.#
##### #.#
#...# #.#
#...# #.#
#...# #.#
#...#
#.####...###


You could see Grinder.

Vanquished Creatures
  Terence (D:3)
  4 gnolls (D:2)
  4 adders (D:2)
  3 dart slugs
  3 orcs
  5 bats
  2 giant cockroaches
  5 goblins
  7 hobgoblins
  2 jackals (D:2)
  2 quokkas (D:2)
  4 frilled lizards
  7 kobolds
  4 rats (D:1)
53 creatures vanquished.

Notes
Turn   | Place    | Note
-------+----------+-------------------------------------------
     0 | D:1      | MalarOregon the Draconian Conjurer began the quest for the
                  | Orb.
     0 | D:1      | Reached XP level 1. HP: 14/14 MP: 3/3
   184 | D:1      | Reached XP level 2. HP: 22/22 MP: 0/5
   584 | D:1      | Reached skill level 1 in Fighting
  1166 | D:2      | Reached XP level 3. HP: 19/28 MP: 0/6
  1518 | D:2      | Reached XP level 4. HP: 21/36 MP: 0/7
  1726 | D:2      | Learned a level 3 spell: Dazzling Spray
  1731 | D:2      | Learned a level 4 spell: Iskenderun's Mystic Blast
  2730 | D:3      | Noticed Terence
  2756 | D:3      | Killed Terence
  2756 | D:3      | Reached XP level 5. HP: 29/42 MP: 9/9
  2806 | D:3      | Reached skill level 1 in Short Blades
  2849 | D:3      | Noticed Grinder
  2879 | D:3      | Paralysed by Grinder for 3 turns
  2890 | D:3      | Slain by Grinder

Levels and vault maps discovered:
D:1:      dpeg_arrival_erosion, layout_basic
D:2:      layout_rooms, minmay_close_crescents
D:3:      layout_basic, uniq_grinder, uniq_terence, uniq_crazy_yiuf_cottage

Skill      XL: |  1  2  3  4  5 |
---------------+----------------+-----
Dodging        | 2 |  2.8
Fighting       | 1 2 |  2.3
Short Blades   | 1 |  1.0
Stealth        | |  1.7
Spellcasting   | |  2.9
Conjurations   | |  4.6

Action                   |  1- 3 |  4- 6 || total
-------------------------+-------+-------++-------
Melee: Dagger            |    41 |    35 ||    76
       Tailslap          |     3 |     8 ||    11
       Mace              |       |    70 ||    70
       Short sword       |       |    10 ||    10
 Cast: Magic Dart        |    58 |    25 ||    83
       Dazzling Spray    |       |     5 ||     5
  Use: Potion            |       |     1 ||     1
 Stab: Invisible         |       |     2 ||     2
       Sleeping          |       |     1 ||     1
  Eat: Chunk             |     2 |     6 ||     8
Armor: Skin              |    10 |    37 ||    47
Dodge: Dodged            |    29 |   106 ||   135

Table legend:
 A = Non-vault XP
 B = Vault XP
 C = Vault XP percentage of total XP
 D = Non-vault monster count
 E = Vault monster count
 F = Vault count percentage of total count
                 A         B        C        D         E       F
            +---------+---------+-------+---------+---------+-------
      Total |     191 |      40 |  17.3 |      50 |       3 |   5.7
            +---------+---------+-------+---------+---------+-------
        D:1 |      38 |       0 |   0.0 |      22 |       0 |   0.0
        D:2 |     143 |       4 |   2.7 |      24 |       2 |   7.7
        D:3 |      10 |      36 |  78.3 |       4 |       1 |  20.0
            +---------+---------+-------+---------+---------+-------
